[Event "Titled Tuesday Blitz April 4 Early 2023"]
[White "Dahlgren, James Allen"]
[Black "Akhayan, Ruben"]
[WhiteFideId "22256873"]
[BlackFideId "204439"]
[WhiteElo "2177"]
[BlackElo "2155"]
[Result "0-1"]
[Round "10"]
[TimeControl "180+2"]
[Date "2023.04.04"]
[WhiteClock "0:00:04"]
[BlackClock "0:00:19"]

1. e4 c6 2. d4 d5 3. f3 g6 4. Nc3 Bg7 5. Be3 Nf6 6. e5 Nfd7 7. f4 O-O 8. Nf3 e6 9. b4 a5 10. a3 Qe7 11. Na2 axb4 12. axb4 Rxa2 13. Rxa2 Qxb4+ 14. Kf2 c5 15. Qd2 Qb6 16. c3 Nc6 17. Bd3 c4 18. Rb1 Qc7 19. Bc2 f6 20. Kg1 fxe5 21. fxe5 Ne7 22. Bh6 Nf5 23. Bxg7 Kxg7 24. g4 Ne7 25. Rf1 Rf7 26. Qg5 Nf8 27. Bb1 b5 28. Raf2 Ng8 29. h4 b4 30. cxb4 c3 31. h5 Ba6 32. Rc1 Qb6 33. Qe3 Qxb4 34. Qxc3 Qe7 35. Qe3 Nh6 36. Rg2 Bc4 37. Ng5 Qd7 38. Nxf7 Qxf7 39. Bd3 Bxd3 40. Qxd3 Qf4 41. Rf1 Qg5 42. Qf3 Nd7 43. Kh2 Qh4+ 44. Qh3 Qg5 45. Qf3 Qh4+ 46. Kg1 Qg5 47. Rg3 Qd2 48. Rf2 Qxd4 49. Kg2 Qxe5 50. g5 Nf5 51. h6+ Kg8 52. Rg4 Qe3 53. Qxe3 Nxe3+ 54. Kg3 Nxg4 55. Kxg4 Ne5+ 56. Kg3 Nf7 57. Rd2 Nxg5 58. Kg4 Ne4 59. Rd4 Kf7 60. Kf4 Kf6 0-1


[Site "https://www.chess.com"]

[Event "Titled Tuesday Blitz April 4 Early 2023"]
[White "Sanchez, Robert"]
[Black "Odeh, Kenneth"]
[WhiteFideId "2034360"]
[BlackFideId "8500142"]
[WhiteElo "2023"]
[BlackElo "2031"]
[Result "0-1"]
[Round "10"]
[TimeControl "180+2"]
[Date "2023.04.04"]
[WhiteClock "0:02:47"]
[BlackClock "0:02:42"]

1. e4 c6 2. d4 d5 3. e5 c5 4. dxc5 Nc6 5. Nf3 Bg4 6. Bb5 a6 7. Bxc6+ bxc6 8. b4 e6 9. h3 Bxf3 10. Qxf3 Ne7 11. Bg5 Qc7 12. Bxe7 Qxe5+ 0-1


[Site "https://www.chess.com"]

[Event "Titled Tuesday Blitz April 4 Early 2023"]
[White "Andreikin, Dmitry"]
[Black "Korobov, Anton"]
[WhiteFideId "4158814"]
[BlackFideId "14105730"]
[WhiteElo "2736"]
[BlackElo "2638"]
[Result "1-0"]
[Round "11"]
[TimeControl "180+2"]
[Date "2023.04.04"]
[WhiteClock "0:00:08"]
[BlackClock "0:00:09"]

1. Nf3 d5 2. d4 Nf6 3. c4 c6 4. Qc2 e6 5. Bg5 h6 6. Bxf6 Qxf6 7. Nbd2 Nd7 8. e3 g6 9. Be2 Bg7 10. O-O O-O 11. Rfd1 Qe7 12. Rac1 dxc4 13. Nxc4 b6 14. Nce5 Nxe5 15. Nxe5 c5 16. Bf3 Bb7 17. Nc6 Bxc6 18. Bxc6 Rac8 19. d5 Rfd8 20. b3 Rd6 21. Rd2 Rcd8 22. Rcd1 h5 23. g3 h4 24. Qe4 f5 25. Qxh4 Qxh4 26. gxh4 Kf8 27. Kf1 Bf6 28. h5 gxh5 29. Ke2 Ke7 30. f4 Kf8 31. dxe6 Rxd2+ 32. Rxd2 Rxd2+ 33. Kxd2 Ke7 34. Bd7 Bg7 35. Kd3 Bh6 36. Kc4 Kd6 37. Kb5 Bg7 38. Ka6 Bc3 39. Kxa7 Bd2 40. Kxb6 Bxe3 41. Kb5 Bxf4 42. h3 Be3 43. Kc4 f4 44. Kd3 c4+ 45. Kxc4 f3 46. Kd3 f2 47. Ke2 h4 48. Bb5 Bc5 49. Bc4 Ke7 50. Kf3 1-0


[Site "https://www.chess.com"]

[Event "Titled Tuesday Blitz April 4 Early 2023"]
[White "Hakobyan, Aram"]
[Black "Zhigalko, Sergei"]
[WhiteFideId "13306677"]
[BlackFideId "13502956"]
[WhiteElo "2584"]
[BlackElo "2626"]
[Result "1-0"]
[Round "11"]
[TimeControl "180+2"]
[Date "2023.04.04"]
[WhiteClock "0:00:10"]
[BlackClock "0:00:04"]

1. d4 Nf6 2. c4 e6 3. Nc3 Bb4 4. e3 O-O 5. a3 Bxc3+ 6. bxc3 c5 7. Ne2 Nc6 8. Ng3 d6 9. Ra2 e5 10. d5 Na5 11. e4 Nd7 12. Bd3 Nb6 13. O-O Nbxc4 14. f4 exf4 15. Bxf4 f6 16. Nh5 Ne5 17. h3 Bd7 18. Raf2 Qe7 19. Be2 Rae8 20. Qc1 Rf7 21. Ng3 b5 22. Bh5 g6 23. Be2 Nb3 24. Qd1 c4 25. Be3 Nc5 26. Bd4 a6 27. Qd2 Ref8 28. Qh6 Ned3 29. Bxd3 Nxd3 30. Re2 Bc8 31. Re3 Ne5 32. Qf4 Re8 33. Qh4 Bd7 34. Re2 Ref8 35. Be3 Nd3 36. Bh6 Re8 37. Be3 Bc8 38. Bd4 Ref8 39. Qh6 Bd7 40. Qe3 Re8 41. Qh6 Ref8 42. Kh2 Re8 43. Kh1 Ref8 44. Re3 Ne5 45. Ree1 Re8 46. Re2 Nd3 47. Re3 Ne5 48. Qf4 Bc8 49. Qf2 Ref8 50. Qe2 Qd7 51. Qd1 Qe7 52. Re2 Bb7 53. Ref2 Nd3 54. Rf3 Ne5 55. Rf4 Bc8 56. Qd2 Nd3 57. R4f3 Ne5 58. Rf4 Re8 59. Rh4 Nd3 60. Qh6 Ne5 61. Rhf4 Ref8 62. Rh4 Bd7 63. Ne2 Rg7 64. Qd2 Re8 65. Rhf4 Rf7 66. Ng3 Ref8 67. R4f2 Nd3 68. Rf3 Ne5 69. Rf4 Rg7 70. Ne2 Rgf7 71. Rh4 Bc8 72. Rhf4 Nd3 73. Rh4 Ne5 74. Qh6 Rg7 75. Ng3 Bd7 76. Rhf4 Nf7 77. Qxg7+ Kxg7 78. Bxf6+ Qxf6 79. Rxf6 Be8 80. e5 dxe5 81. Ne4 Rg8 82. d6 Nh6 83. Re6 Nf5 84. g4 Ne3 85. Re7+ Kh8 86. Re1 Nd5 87. Rxe5 Bc6 88. Kh2 Nf4 89. d7 Bxd7 90. Nf6 Nd3 91. Re7 Rg7 92. Re8+ Bxe8 93. Rxe8+ Rg8 94. Rxg8# 1-0


[Site "https://www.chess.com"]

[Event "Titled Tuesday Blitz April 4 Early 2023"]
[White "Svane, Rasmus"]
[Black "Duda, Jan-Krzysztof"]
[WhiteFideId "4657101"]
[BlackFideId "1170546"]
[WhiteElo "2597"]
[BlackElo "2790"]
[Result "0-1"]
[Round "11"]
[TimeControl "180+2"]
[Date "2023.04.04"]
[WhiteClock "0:00:02"]
[BlackClock "0:00:08"]

1. Nf3 Nf6 2. g3 d5 3. Bg2 Bg4 4. O-O c6 5. h3 Bxf3 6. Bxf3 Nbd7 7. d3 e6 8. e4 Bd6 9. Nd2 Qc7 10. d4 dxe4 11. Nxe4 Nxe4 12. Bxe4 Nf6 13. Bg2 O-O 14. c3 Rad8 15. Bg5 Be7 16. Bf4 Bd6 17. Bg5 Be7 18. Qb3 Rd7 19. Rad1 Rfd8 20. Rfe1 h6 21. Bf4 Bd6 22. Bc1 a6 23. Qc2 Qa5 24. a3 Be7 25. Qe2 Qb5 26. Qc2 Qa5 27. Be3 Bf8 28. Rd3 c5 29. Rdd1 c4 30. Qe2 b5 31. Bf4 Bd6 32. Bc1 Qc7 33. Rf1 a5 34. Bd2 Rb8 35. Rde1 Rdd8 36. Kh1 Rb6 37. f4 b4 38. axb4 axb4 39. g4 bxc3 40. bxc3 Rb2 41. g5 Nh5 42. Qxh5 Rxd2 43. g6 Rd3 44. f5 Rxc3 45. fxe6 f6 46. Qf5 Be7 47. d5 Rb3 48. Rb1 Rdb8 49. Rxb3 cxb3 50. Rb1 b2 51. Qd3 Qc1+ 52. Qf1 Qe3 53. Qc4 Bd6 54. e7 Qxe7 55. Qg4 Qe5 56. Kg1 Kf8 57. Qf3 Bc5+ 58. Kh1 Bd6 59. Kg1 Kg8 60. Qd3 Qh2+ 61. Kf1 Kf8 62. Qe4 Qf4+ 63. Qxf4 Bxf4 64. Ke2 Be5 65. Kd3 Ke7 66. Be4 Kd6 67. h4 Ra8 68. h5 Ra3+ 69. Kc4 Re3 70. Bf5 Rf3 71. Be4 Rf4 72. Kd3 f5 73. Bg2 Rg4 74. Bf3 Rd4+ 75. Ke2 Rc4 76. Kd2 Rc1 77. Rxb2 Bxb2 78. Bd1 Rxd1+ 79. Ke2 Kxd5 0-1


[Site "https://www.chess.com"]

[Event "Titled Tuesday Blitz April 4 Early 2023"]
[White "Firouzja, Alireza"]
[Black "Durarbayli, Vasif"]
[WhiteFideId "12573981"]
[BlackFideId "13402935"]
[WhiteElo "2904"]
[BlackElo "2551"]
[Result "1-0"]
[Round "11"]
[TimeControl "180+2"]
[Date "2023.04.04"]
[WhiteClock "0:01:24"]
[BlackClock "0:00:03"]

1. e4 c5 2. Nf3 d6 3. d4 cxd4 4. Nxd4 Nf6 5. Nc3 Nc6 6. Bg5 Qb6 7. Nb3 e6 8. Qd2 a6 9. f3 Be7 10. O-O-O O-O 11. g4 Rd8 12. Be3 Qc7 13. g5 Ne8 14. Qf2 Qb8 15. Bb6 Bxg5+ 16. f4 Bf6 17. Bxd8 Nxd8 18. e5 dxe5 19. Ne4 Be7 20. fxe5 Qxe5 21. Bg2 Nc6 22. Kb1 f5 23. Ned2 Nd6 24. Rhe1 Qxh2 25. Rh1 Qe5 26. Rde1 Qf6 27. Qb6 a5 28. Nc5 a4 29. Bxc6 bxc6 30. Qxc6 Rb8 31. Nxa4 Bb7 32. Qb6 Ra8 33. Nc5 Bxh1 34. Rxh1 Qd4 35. Qc6 Rc8 36. Qd7 Qxc5 37. Qxe6+ Nf7 38. c3 Qc6 39. Qe1 Bf6 40. Rf1 g6 41. Nb3 Kg7 42. Qd2 Qe4+ 43. Ka1 Rd8 44. Qf2 h5 45. Nc5 Qd5 46. a3 Ne5 47. Qg1 Ng4 48. Re1 Kf7 49. Na6 Rd7 50. Nb4 Qc4 51. Qb6 Re7 52. Rd1 Ne5 53. Nd5 Nd7 54. Qd6 Qa4 55. Nxe7 Bxe7 56. Qd5+ Ke8 57. Rd4 Qa7 58. Qc6 h4 59. Qxg6+ Kd8 60. Qxf5 Qc5 61. Qxd7# 1-0


[Site "https://www.chess.com"]

[Event "Titled Tuesday Blitz April 4 Early 2023"]
[White "Zemlyanskii, Ivan"]
[Black "Martinez Alcantara, Jose Eduardo"]
[WhiteFideId "24249971"]
[BlackFideId "3805662"]
[WhiteElo "2419"]
[BlackElo "2711"]
[Result "0-1"]
[Round "11"]
[TimeControl "180+2"]
[Date "2023.04.04"]
[WhiteClock "0:00:06"]
[BlackClock "0:00:08"]

1. d4 Nf6 2. c4 e6 3. Bf4 Bb4+ 4. Nd2 O-O 5. Nf3 d6 6. a3 Bxd2+ 7. Nxd2 Qe7 8. Bg5 e5 9. d5 Nbd7 10. e4 Re8 11. Be2 h6 12. Be3 Nf8 13. h4 Ng6 14. g3 a5 15. h5 Nf8 16. g4 N6h7 17. Nf1 Ng5 18. Ng3 Nfh7 19. Qd2 Bd7 20. f3 Qf6 21. Nf5 Reb8 22. a4 c6 23. Rc1 Bxf5 24. gxf5 Rc8 25. Kf2 Kh8 26. dxc6 Rxc6 27. c5 dxc5 28. Rxc5 Rxc5 29. Bxc5 Qc6 30. Rc1 Nf6 31. Be3 Qxa4 32. Rc4 Qd7 33. Bxg5 hxg5 34. Qxg5 Ng8 35. h6 gxh6 36. Qg3 Qd6 37. f4 exf4 38. Qc3+ Qf6 39. e5 Qxf5 40. e6+ Nf6 41. exf7 Rf8 42. Qd4 Rxf7 43. Bd3 Qd7 44. Qc3 Kg7 45. Rxf4 Qd6 46. Rf3 b6 47. Rg3+ Kf8 48. Bf5 Ne8 49. Rf3 Qc5+ 50. Qxc5+ bxc5 51. Ke3 Nd6 52. Be6 Rxf3+ 53. Kxf3 Ke7 54. Bd5 Kf6 55. Kf4 Nb5 56. Ke4 Nd6+ 57. Kd3 Ke5 58. Bg2 Nf5 59. Kc4 Ne3+ 60. Kxc5 Nxg2 61. Kb5 h5 62. Kxa5 h4 63. b4 h3 64. b5 h2 65. b6 h1=Q 66. b7 Qb1 67. Ka6 Kd6 68. b8=R Qxb8 0-1


[Site "https://www.chess.com"]

[Event "Titled Tuesday Blitz April 4 Early 2023"]
[White "Gokerkan, Cem Kaan"]
[Black "Zakhartsov, Vladimir"]
[WhiteFideId "6336760"]
[BlackFideId "4145097"]
[WhiteElo "2365"]
[BlackElo "2497"]
[Result "0-1"]
[Round "11"]
[TimeControl "180+2"]
[Date "2023.04.04"]
[WhiteClock "0:00:34"]
[BlackClock "0:00:50"]

1. e4 c5 2. c3 Nf6 3. e5 Nd5 4. d4 cxd4 5. Bc4 Nb6 6. Bb3 d6 7. Nf3 Nc6 8. exd6 Qxd6 9. O-O Be6 10. Na3 a6 11. Bxe6 Qxe6 12. Re1 Qd5 13. cxd4 e6 14. Nc2 Be7 15. Ne3 Qd7 16. Qb3 Qd8 17. d5 Nxd5 18. Qxb7 Na5 19. Qxd5 exd5 20. Nf5 Nc6 21. Nxg7+ Kd7 22. Bh6 Kc7 23. Nf5 Kb7 24. Rac1 Re8 25. Re3 Rc8 26. Rb3+ Ka8 27. Rbc3 Qd7 28. Ng7 Rg8 29. Nh5 d4 30. Rd3 Nb4 31. Rxd4 Rxc1+ 32. Bxc1 Qc6 33. Bg5 Bxg5 34. Rxb4 Qc1+ 0-1


[Site "https://www.chess.com"]

[Event "Titled Tuesday Blitz April 4 Early 2023"]
[White "Bachmann, Axel"]
[Black "Bortnyk, Olexandr"]
[WhiteFideId "3700488"]
[BlackFideId "14120828"]
[WhiteElo "2605"]
[BlackElo "2734"]
[Result "1-0"]
[Round "11"]
[TimeControl "180+2"]
[Date "2023.04.04"]
[WhiteClock "0:00:27"]
[BlackClock "0:00:03"]

1. Nf3 Nf6 2. c4 b6 3. Nc3 Bb7 4. d4 g6 5. Qc2 Bg7 6. e4 O-O 7. Be2 d6 8. O-O Nc6 9. d5 Nb4 10. Qb1 a5 11. a3 Na6 12. Be3 Nc5 13. b3 e6 14. Qc2 exd5 15. cxd5 Re8 16. Nd2 c6 17. Bf3 cxd5 18. exd5 Ba6 19. Rfd1 Rc8 20. Nc4 Nxb3 21. Qxb3 Bxc4 22. Qxb6 Qxb6 23. Bxb6 Bb3 24. Rdc1 a4 25. Bd4 Rc4 26. Nb5 Rxd4 27. Nxd4 Nxd5 28. Nxb3 axb3 29. Re1 Rxe1+ 30. Rxe1 Nc3 31. Re8+ Bf8 32. Rb8 Na4 33. Rxb3 Kg7 34. Bd5 Kf6 35. Rb7 Be7 36. Ra7 Nc3 37. Bb3 d5 38. a4 d4 39. a5 d3 40. a6 Bc5 41. Rxf7+ Ke5 42. Rd7 Ne2+ 43. Kf1 Nd4 44. Ba4 d2 45. a7 Bxa7 46. Rxa7 Nb5 47. Rd7 Nc3 48. Bc2 g5 49. Rxd2 h6 50. g3 1-0


[Site "https://www.chess.com"]

[Event "Titled Tuesday Blitz April 4 Early 2023"]
[White "Timofeev, Artyom"]
[Black "Rakhmatullaev, Almas"]
[WhiteFideId "4140419"]
[BlackFideId "14205793"]
[WhiteElo "2586"]
[BlackElo "2221"]
[Result "1/2-1/2"]
[Round "11"]
[TimeControl "180+2"]
[Date "2023.04.04"]
[WhiteClock "0:00:14"]
[BlackClock "0:00:12"]

1. c4 Nf6 2. Nc3 g6 3. g3 Bg7 4. Bg2 O-O 5. Nf3 d6 6. O-O e5 7. d3 Nc6 8. Rb1 Nh5 9. b4 f5 10. b5 Ne7 11. Bg5 h6 12. Bxe7 Qxe7 13. Nd5 Qf7 14. Nd2 Be6 15. a4 Rab8 16. a5 f4 17. Ne4 Kh8 18. b6 axb6 19. axb6 c6 20. Nc7 Qd7 21. Nxe6 Qxe6 22. Qb3 g5 23. h3 g4 24. hxg4 Qxg4 25. Bf3 Qg6 26. Kg2 fxg3 27. Bxh5 Qxh5 28. Nxg3 Qg6 29. Rh1 Rf4 30. Rbf1 Rbf8 31. Rh3 Qf7 32. f3 Rf6 33. Qb4 Rg6 34. Qd2 d5 35. cxd5 cxd5 36. Rfh1 Qf4 37. Qa5 Rg8 38. Rg1 Bf8 39. Kh1 Rxg3 40. Rhxg3 Rxg3 41. Rxg3 Qxg3 42. Qxd5 Qe1+ 43. Kg2 Qxe2+ 44. Kg3 Qe3 45. Qxb7 Qg5+ 46. Kh3 Qf5+ 47. Kg2 Qg6+ 48. Kh3 Qh5+ 49. Kg2 Qg5+ 50. Kh3 Qf5+ 51. Kg2 Qg6+ 52. Kh3 Qf5+ 1/2-1/2


[Site "https://www.chess.com"]

[Event "Titled Tuesday Blitz April 4 Early 2023"]
[White "Indjic, Aleksandar"]
[Black "Itgelt, Khuyagtsogt"]
[WhiteFideId "911925"]
[BlackFideId "4902912"]
[WhiteElo "2614"]
[BlackElo "2227"]
[Result "1/2-1/2"]
[Round "11"]
[TimeControl "180+2"]
[Date "2023.04.04"]
[WhiteClock "0:00:48"]
[BlackClock "0:00:09"]

1. d4 Nf6 2. c4 g6 3. Nc3 d5 4. Nf3 Bg7 5. h4 h5 6. Bg5 Ne4 7. cxd5 Nxc3 8. bxc3 Qxd5 9. Nd2 Qa5 10. Qb3 c5 11. Nc4 Qc7 12. d5 O-O 13. e4 b5 14. Nd2 b4 15. Rc1 bxc3 16. Rxc3 Bxc3 17. Qxc3 f6 18. Be3 Ba6 19. Bc4 Kg7 20. O-O Bxc4 21. Nxc4 Nd7 22. Rc1 Rfc8 23. Bd2 Nb6 24. Ne3 c4 25. Qc2 Rab8 26. Bc3 Qd7 27. e5 Nxd5 28. Nxd5 Qxd5 29. Rd1 Qf7 30. Rd7 Rb6 31. exf6+ Rxf6 32. Qe2 Re8 33. Rxa7 Kg8 34. Bxf6 exf6 35. Rxf7 Rxe2 36. Rxf6 Kg7 37. Rc6 Rxa2 38. Rxc4 Ra6 39. f3 Kf6 40. Kh2 Rb6 41. Kh3 Ra6 42. Rf4+ Kg7 43. Re4 Ra7 44. Kg3 Rb7 45. Rd4 Rc7 46. Kf4 Rf7+ 47. Ke3 Ra7 48. g3 Ra6 49. Ke4 Kf6 50. Rc4 Re6+ 51. Kf4 Ra6 52. Ke3 Rb6 53. Kd4 Ra6 54. Kd5 Ra3 55. Rf4+ Kg7 56. Ke6 Ra6+ 57. Ke5 Ra5+ 58. Kd6 Ra6+ 59. Kc5 Ra5+ 60. Kb4 Ra1 61. Re4 Rg1 62. g4 hxg4 63. fxg4 Rh1 64. g5 Rc1 65. Rc4 Rh1 66. Kc5 Kf7 67. Kd5 Ra1 68. Rc7+ Kg8 69. Ke6 Ra6+ 70. Ke5 Ra4 71. Kf6 Ra6+ 72. Ke5 Ra4 73. Re7 Rxh4 74. Kf6 Ra4 75. Re6 Ra8 76. Kxg6 Rb8 77. Kh6 Ra8 78. g6 Rb8 79. Re7 Rc8 80. Rg7+ Kh8 81. Rf7 Kg8 82. Rf6 Kh8 83. Rf8+ Rxf8 84. g7+ Kg8 85. gxf8=Q+ Kxf8 1/2-1/2


[Site "https://www.chess.com"]

[Event "Titled Tuesday Blitz April 4 Early 2023"]
[White "Salemgareev, Tagir"]
[Black "Kollars, Dmitrij"]
[WhiteFideId "24199052"]
[BlackFideId "12909572"]
[WhiteElo "2360"]
[BlackElo "2584"]
[Result "0-1"]
[Round "11"]
[TimeControl "180+2"]
[Date "2023.04.04"]
[WhiteClock "0:02:09"]
[BlackClock "0:02:22"]

1. d4 Nf6 2. c4 e6 3. Nf3 d5 4. g3 Bb4+ 5. Bd2 a5 6. Bg2 O-O 7. O-O dxc4 8. a3 Bxd2 9. Nbxd2 b5 10. a4 c6 11. Qc2 Na6 12. b3 Nb4 13. Qc1 cxb3 14. Nxb3 bxa4 15. Rxa4 Ba6 16. Rxa5 Bxe2 17. Rxa8 Qxa8 18. Re1 Bxf3 19. Bxf3 Nd3 20. Qe3 Nxe1 21. Qxe1 Qa3 22. Na5 Qxf3 0-1


[Site "https://www.chess.com"]

[Event "Titled Tuesday Blitz April 4 Early 2023"]
[White "Moroni, Luca Jr"]
[Black "Belozerov, Andrei"]
[WhiteFideId "865834"]
[BlackFideId "4120213"]
[WhiteElo "2569"]
[BlackElo "2373"]
[Result "1-0"]
[Round "11"]
[TimeControl "180+2"]
[Date "2023.04.04"]
[WhiteClock "0:00:29"]
[BlackClock "0:00:05"]

1. d4 d5 2. Bf4 Nf6 3. e3 c5 4. dxc5 Nc6 5. Bb5 g6 6. Nf3 Bg7 7. Be5 O-O 8. Bxc6 bxc6 9. O-O a5 10. Qd4 Bh6 11. Bxf6 exf6 12. Nc3 f5 13. Na4 Bg7 14. Qd2 Ba6 15. Rfb1 Qe7 16. Nd4 Rfc8 17. Nb6 Qxc5 18. Nxa8 Rxa8 19. Nb3 Qd6 20. Qxa5 Bf8 21. Rd1 f4 22. exf4 Qxf4 23. Qd2 Qa4 24. Qd4 Qb5 25. a4 Qb8 26. Nc5 Bc8 27. a5 Bg7 28. Qe3 Bg4 29. Rdb1 Qb5 30. Nd3 h5 31. Qb6 Qc4 32. a6 Qxc2 33. Qb7 Rxa6 34. Qxa6 Be2 35. Ne1 Qd2 36. Qa5 Qf4 37. Ra4 d4 38. Qa8+ Kh7 39. Qxc6 Be5 40. g3 Qf5 41. Rba1 Qh3 42. Qg2 Qf5 43. f4 Bg7 44. Qxe2 d3 45. Nxd3 Bd4+ 46. Rxd4 1-0


[Site "https://www.chess.com"]

[Event "Titled Tuesday Blitz April 4 Early 2023"]
[White "Naroditsky, Daniel"]
[Black "Adla, Diego"]
[WhiteFideId "2026961"]
[BlackFideId "100072"]
[WhiteElo "2633"]
[BlackElo "2377"]
[Result "1-0"]
[Round "11"]
[TimeControl "180+2"]
[Date "2023.04.04"]
[WhiteClock "0:00:42"]
[BlackClock "0:00:26"]

1. d4 Nf6 2. Nc3 d5 3. Bf4 a6 4. e3 b5 5. a3 Bb7 6. Nf3 Nbd7 7. Bd3 c5 8. O-O e6 9. Ne5 Nxe5 10. Bxe5 Bd6 11. Qf3 Bxe5 12. dxe5 Nd7 13. Qg3 Qe7 14. f4 g6 15. Be2 O-O-O 16. a4 b4 17. Nd1 a5 18. c3 Kb8 19. Bb5 Ka7 20. Nf2 Nb6 21. Nd3 Rc8 22. Qf2 Rc7 23. Nc1 Rhc8 24. Nb3 c4 25. Nxa5 Ba8 26. e4 b3 27. exd5 Bxd5 28. Nxb3 cxb3 29. a5 Qc5 30. axb6+ Kxb6 31. Bd3 Qxf2+ 32. Kxf2 Ra7 33. Rxa7 Kxa7 34. Ra1+ Kb6 35. g3 h5 36. h4 Rc7 37. Ra6+ Kb7 38. Ke3 Rd7 39. Ra4 Kc6 40. Rb4 Kc5 41. Rb5+ Kc6 42. c4 Bg2 43. Rxb3 Ra7 44. Rb5 Ra1 45. b4 Bh1 46. Kd4 Rg1 47. c5 Rxg3 48. Rb8 Rg4 49. Ke3 Rg3+ 50. Kd4 Rg4 51. b5+ Kc7 52. Rf8 Rxf4+ 53. Kc3 Bd5 54. b6+ Kb7 55. Re8 Rxh4 56. Re7+ Kb8 57. Bb5 Rh3+ 58. Kb4 Rh4+ 59. Ka5 Rh1 60. c6 Ra1+ 61. Kb4 Rb1+ 62. Kc5 Rc1+ 63. Kd6 1-0


[Site "https://www.chess.com"]

[Event "Titled Tuesday Blitz April 4 Early 2023"]
[White "Vidit, Santosh Gujrathi"]
[Black "Remizov, Yaroslav"]
[WhiteFideId "5029465"]
[BlackFideId "34134015"]
[WhiteElo "2651"]
[BlackElo "2412"]
[Result "1-0"]
[Round "11"]
[TimeControl "180+2"]
[Date "2023.04.04"]
[WhiteClock "0:00:17"]
[BlackClock "0:00:04"]

1. e4 c6 2. Nf3 d5 3. exd5 cxd5 4. d4 Nf6 5. Ne5 Nc6 6. Bb5 Qb6 7. c4 dxc4 8. Nc3 e6 9. Qa4 Bd7 10. Nxd7 Nxd7 11. d5 Nce5 12. O-O Bc5 13. Bf4 O-O-O 14. Bxc4 Nxc4 15. Qxc4 e5 16. Be3 Qb4 17. Qxb4 Bxb4 18. Ne4 b6 19. Rac1+ Kb7 20. a3 Bc5 21. b4 Be7 22. d6 Bf6 23. Rc7+ Kb8 24. a4 Rhe8 25. a5 Re6 26. axb6 Nxb6 27. Rxf7 Nc8 28. Bc5 Nb6 29. Ra1 Rc8 30. Rfxa7 Rd8 31. Bxb6 Rexd6 32. Bc7+ Kc8 33. Bxd6 Rxd6 34. Nxd6+ Kd8 35. Rb7 1-0


[Site "https://www.chess.com"]

[Event "Titled Tuesday Blitz April 4 Early 2023"]
[White "Rohith Krishna S"]
[Black "Movahed, Sina"]
[WhiteFideId "46617051"]
[BlackFideId "42520835"]
[WhiteElo "2270"]
[BlackElo "2225"]
[Result "0-1"]
[Round "11"]
[TimeControl "180+2"]
[Date "2023.04.04"]
[WhiteClock "0:00:18"]
[BlackClock "0:01:05"]

1. d4 Nf6 2. c4 g6 3. Nc3 Bg7 4. e4 d6 5. Nf3 O-O 6. Bd3 e5 7. O-O Nc6 8. d5 Ne7 9. b4 a5 10. Ba3 axb4 11. Bxb4 c5 12. dxc6 Nxc6 13. a3 Be6 14. Nd5 Bxd5 15. cxd5 Nxb4 16. axb4 Qb6 17. Qb3 Ng4 18. Rac1 Rfc8 19. Rxc8+ Rxc8 20. h3 Nf6 21. Ra1 h5 22. g3 Bh6 23. Kg2 Kg7 24. Rd1 Nd7 25. Ng1 Nc5 26. Qa3 Nxd3 27. Qxd3 Qxb4 28. Rb1 Qd4 29. Qxd4 exd4 30. f4 Rc2+ 31. Kf1 h4 32. Nf3 hxg3 33. Nxd4 Rf2+ 34. Kg1 Bxf4 35. Rb3 Be5 36. Nf3 Bf4 37. Nd4 Kh6 38. Nf3 Kh5 39. Ne1 Re2 40. Ng2 Be5 41. Rb4 b5 42. Kf1 Rf2+ 43. Kg1 Rd2 44. Kf1 Rd1+ 45. Ke2 Rg1 46. Ne1 Rxe1+ 0-1


[Site "https://www.chess.com"]

[Event "Titled Tuesday Blitz April 4 Early 2023"]
[White "Gurel, Ediz"]
[Black "Cherniaiev, Tykhon"]
[WhiteFideId "44507356"]
[BlackFideId "14182360"]
[WhiteElo "2352"]
[BlackElo "2450"]
[Result "1-0"]
[Round "11"]
[TimeControl "180+2"]
[Date "2023.04.04"]
[WhiteClock "0:02:40"]
[BlackClock "0:01:58"]

1. e4 e5 2. Nf3 Nc6 3. Bb5 Nf6 4. O-O Nxe4 5. Re1 Nd6 6. Nxe5 Nxe5 7. Rxe5+ Be7 8. Bf1 O-O 9. d4 Bf6 10. Bd3 Bxe5 11. dxe5 Ne8 12. Nc3 d6 13. Qh5 g6 14. Qh6 Qe7 15. exd6 Qe1+ 16. Bf1 Nxd6 17. Qxf8+ Kxf8 18. Bh6+ Kg8 19. Rxe1 Be6 20. Bf4 Rd8 21. Rd1 a6 22. Ne4 Bf5 23. Nxd6 cxd6 24. Rxd6 Re8 25. f3 Bxc2 26. Kf2 Kg7 27. Be3 Bf5 28. g4 Be6 29. Bd3 Rc8 30. Be4 Bxa2 31. Bxb7 Rb8 32. Bd4+ Kh6 33. Be4 Be6 34. Kg3 g5 35. h4 Re8 36. Be3 f6 37. hxg5+ fxg5 38. Bf5 Kg7 39. Rxe6 Rxe6 40. Bxe6 Kg6 41. Bf5+ Kf6 42. Bxh7 a5 43. Bf5 a4 44. Bc2 Ke5 45. Bxa4 Kd5 46. Bc2 Kc4 47. Bxg5 Kd4 48. Bf4 Kd5 49. Kh4 Ke6 50. Bg3 Kf7 51. Kh5 Kg7 52. g5 Kh8 53. f4 Kg7 54. Bf2 Kh8 55. Be3 Kg7 56. b3 Kh8 57. b4 Kg7 58. Bd3 Kh8 59. Bc4 Kg7 60. Bb3 Kh8 61. Bc2 Kg7 62. Bd1 Kh8 63. Be2 Kg7 64. Bf3 Kh8 65. f5 Kg7 66. Bf4 Kh8 67. Bg4 Kg7 68. Kh4 Kh8 69. Kg3 Kg7 70. Kf3 Kh8 71. Ke4 Kg7 72. Kd4 Kh8 73. Kc4 Kg7 74. Kc5 Kh8 75. b5 Kg7 76. b6 Kh8 77. Kb5 Kg7 78. Ka6 Kg8 79. Ka5 Kg7 80. Kb5 Kh8 81. Kc6 Kg7 82. Be3 Kh8 83. Bd2 Kg7 84. Bc1 Kh8 85. Ba3 Kg7 86. Bc5 Kh8 87. f6 Kg8 88. g6 Kh8 89. Bf5 Kg8 90. Bd3 Kh8 91. Bf1 Kg8 92. Bh3 Kh8 93. Bf5 Kg8 94. Kb5 Kh8 95. Ka4 Kg8 96. Kb3 Kh8 97. Ka2 Kg8 98. Kb1 Kh8 99. Kc2 Kg8 100. Kd1 Kh8 101. Ke2 Kg8 102. Kf1 Kh8 103. Kg2 Kg8 104. Kh3 Kh8 105. b7 Kg8 106. b8=B Kh8 107. Bh2 Kg8 108. f7+ Kh8 109. f8=B Kg8 110. Be6+ Kh8 111. g7+ Kh7 112. g8=B+ Kg6 113. Be5 Kg5 114. Bce7+ Kg6 115. Bgf7+ Kh7 116. Bf5# 1-0


[Site "https://www.chess.com"]

[Event "Titled Tuesday Blitz April 4 Early 2023"]
[White "Hovhannisyan, Robert"]
[Black "Prohaszka, Peter"]
[WhiteFideId "13302507"]
[BlackFideId "726265"]
[WhiteElo "2570"]
[BlackElo "2626"]
[Result "1-0"]
[Round "11"]
[TimeControl "180+2"]
[Date "2023.04.04"]
[WhiteClock "0:00:10"]
[BlackClock "0:00:01"]

1. e4 c6 2. Nf3 d5 3. d3 dxe4 4. dxe4 Qxd1+ 5. Kxd1 g6 6. Ne5 Bg7 7. Bf4 Nd7 8. Nd3 e5 9. Be3 Bh6 10. Bxh6 Nxh6 11. Nd2 f6 12. a4 a5 13. g3 Nf7 14. Bh3 Ke7 15. Ke2 Rd8 16. Nc4 Nd6 17. Nxd6 Kxd6 18. Rhd1 Ke7 19. f4 b6 20. Ke3 exf4+ 21. gxf4 Nf8 22. Bxc8 Raxc8 23. h4 Ne6 24. Rd2 Rd7 25. f5 gxf5 26. exf5 Ng7 27. Rf1 Re8 28. Rdf2 Kf7+ 29. Kd2 Re4 30. Rf4 Rxf4 31. Rxf4 Rd5 32. b4 Nxf5 33. c4 Rd4 34. Rxf5 axb4 35. c5 bxc5 36. Rxc5 b3 37. Rxc6 Rxa4 38. h5 Rh4 39. Rc7+ Kg8 40. Rc5 Kf7 41. Kc3 Rh3 42. Rb5 Ke6 43. Kc4 Rh4+ 44. Kxb3 f5 45. h6 Kf6 46. Rb6+ Kg5 47. Ne5 Rh3+ 48. Kc4 f4 49. Kd5 1-0


[Site "https://www.chess.com"]

[Event "Titled Tuesday Blitz April 4 Early 2023"]
[White "Corrales Jimenez, Fidel"]
[Black "Matinian, Nikita"]
[WhiteFideId "3506690"]
[BlackFideId "24129100"]
[WhiteElo "2541"]
[BlackElo "2422"]
[Result "1-0"]
[Round "11"]
[TimeControl "180+2"]
[Date "2023.04.04"]
[WhiteClock "0:00:45"]
[BlackClock "0:00:05"]

1. e4 c5 2. d4 cxd4 3. c3 Nf6 4. e5 Nd5 5. Nf3 Nc6 6. Bc4 Nb6 7. Bb3 d5 8. exd6 Qxd6 9. O-O g6 10. a4 Bg7 11. a5 Nd5 12. Na3 a6 13. Nc4 Qc5 14. cxd4 Nxd4 15. Nxd4 Bxd4 16. Bh6 Be6 17. Rc1 Rd8 18. Nd6+ Qxd6 19. Qxd4 f6 20. Rfe1 Kf7 21. Rxe6 Qxe6 22. Rd1 g5 23. h4 Kg6 24. hxg5 Nc7 25. Bxe6 Rxd4 26. Rxd4 Nxe6 27. Re4 Nxg5 28. Bxg5 fxg5 29. Rxe7 Rc8 30. Rxb7 Rc1+ 31. Kh2 Rc2 32. f3 Kf5 33. Rxh7 Rxb2 34. Rh6 Ra2 35. Rxa6 g4 36. Kg3 gxf3 37. gxf3 Ra1 38. Ra8 Rg1+ 39. Kf2 Ra1 40. a6 Kf4 41. a7 Ra2+ 42. Ke1 Ra1+ 43. Kd2 Ra2+ 44. Kc1 1-0


[Site "https://www.chess.com"]